 Dungeon Crawl Stone Soup version 0.24-a0-619-gb7544fd (webtiles) character file.

Game seed: 8876078683681842716, levelgen mode: deterministic

342 BoppinsLewinski the Chopper (level 6, -9/47 HPs)
             Began as a Barachi Fighter on Sept 16, 2019.
             Mangled by an ogre
             ... wielding a +0 giant club
              (24 damage)
             ... on level 3 of the Dungeon.
             The game lasted 00:08:42 (3863 turns).

BoppinsLewinski the Chopper (Barachi Fighter)       Turns: 3863, Time: 00:08:43

Health: -9/47      AC: 10    Str: 17 (19) XL:     6   Next: 57%
Magic:  6/6        EV:  4    Int:  6 (8)  God:
Gold:   187        SH:  9    Dex: 11 (12) Spells: 5/5 levels left

rFire    . . .     SeeInvis .   a - +0 war axe
rCold    . . .     Gourm    .   c - +0 shield
rNeg     . . .     Faith    .   d - +0 chain mail
rPois    .         Spirit   .   p - +0 helmet
rElec    .         Reflect  .   (no cloak)
rCorr    .         Harm     .   (no gloves)
MR       .....                  (no boots)
Stlth    ..........             (no amulet)
HPRegen  0.15/turn              (no ring)
MPRegen  0.10/turn              (no ring)

@: slow
A: +LOS, swims, slowness 1, strong legs 1
a: Hop


You were on level 3 of the Dungeon.
You were not hungry.

You visited 1 branch of the dungeon, and saw 4 of its levels.

You collected 187 gold pieces.

Inventory:

Hand Weapons
 a - a +0 war axe (weapon)
Armour
 c - a +0 shield (worn)
 d - a +0 chain mail (worn)
 p - a +0 helmet (worn)
Jewellery
 k - an uncursed ring of poison resistance {unknown}
Scrolls
 e - 2 scrolls of remove curse {unknown}
 g - 2 scrolls of noise {unknown}
 h - 4 scrolls of blinking {unknown}
 i - a scroll of fear {unknown}
 j - 3 scrolls of identify {unknown}
 n - a scroll of teleportation {unknown}
Potions
 o - a potion of degeneration
Comestibles
 f - 6 rations


   Skills:
 - Level 3.6 Fighting
 * Level 7.4 Axes
 - Level 3.6 Armour
 - Level 3.2 Shields


You had 5 spell levels left.
You didn't know any spells.
Your spell library was empty.

Dungeon Overview and Level Annotations

Branches:
Dungeon (4/15)
 Temple: D:4-7

Altars:
Ashenzari
Dithmenos
Hepliaklqana

Annotations:
D:3 exclusion: downstairs
D:4 Pikel


Innate Abilities, Weirdness & Mutations

Shadows flee at your approach. (+LOS)
You can swim through water.
You cover ground slowly.
You can hop short distances.


Message History

Unknown command.
Unknown command.
Unknown command.
Tha howler monkey hits ye.
Ye ar'n't carryin' any items tha ye can evoke.
Unknown command.
Unknown command.
Okay, than.
Ye hit tha ogre.
Tha ogre be lightly wounded.
Ye hit tha howler monkey.
Ye block tha howler monkey's attack.
Tha ogre barely misses ye.
Ye be too injured ta fight recklessly!
Ye slash tha ogre!
Tha ogre be heavily wounded.
Ye hit tha howler monkey.
Tha howler monkey hits ye but does nay damage.
Tha ogre hits ye wit' a +0 giant club!!
Ouch! Tha re'lly hurt!
Ye die...

.############.##.#.#
#)#.##.# .#
#.##...####.#.##.# ##
#.#.........#.##.#
#.#.........#)##.#
#.#.........#.##.#
#####.#.........))##.#
#...........########.#
#........O>..........#
#.......@h..##########
#...........#
#...........#
#...........#
#...........#
#...........#
#...........#
#...........#
#####.#######


You could see an ogre and a howler monkey.

Vanquished Creatures
  A howler monkey (D:3)
  A crimson imp (D:3)
  An orc priest (D:3)
  Natasha (D:2)
  An orc wizard (D:3)
  Terence (D:2)
  Robin (D:2)
  4 adders
  3 gnolls (D:3)
  3 dart slugs
  2 leopard geckos
  4 orcs (D:3)
  2 ball pythons
  4 giant cockroaches
  13 goblins
  13 hobgoblins
  4 quokkas (D:3)
  4 bats
  4 frilled lizards (D:1)
  8 kobolds
  11 rats
86 creatures vanquished.

Notes
Turn   | Place    | Note
-------+----------+-------------------------------------------
     0 | D:1      | BoppinsLewinski the Barachi Fighter began the quest for the
                  | Orb.
     0 | D:1      | Reached XP level 1. HP: 18/18 MP: 1/1
   144 | D:1      | Reached XP level 2. HP: 16/24 MP: 2/2
   253 | D:1      | Reached skill level 3 in Axes
   712 | D:1      | Reached XP level 3. HP: 29/29 MP: 3/3
   842 | D:2      | Noticed Terence
   855 | D:2      | Killed Terence
   855 | D:2      | Reached skill level 4 in Axes
   910 | D:2      | Reached XP level 4. HP: 35/36 MP: 4/4
  1238 | D:2      | Found a faded altar of an unknown god.
  1275 | D:2      | Noticed Natasha
  1275 | D:2      | Noticed Robin
  1282 | D:2      | Killed Natasha
  1282 | D:2      | Reached skill level 5 in Axes
  1296 | D:2      | Killed Robin
  1296 | D:2      | Reached XP level 5. HP: 16/41 MP: 5/5
  2195 | D:3      | Reached skill level 6 in Axes
  2556 | D:3      | Found a hazy altar of Hepliaklqana.
  2606 | D:3      | Reached XP level 6. HP: 38/47 MP: 6/6
  3257 | D:3      | Found a shadowy altar of Dithmenos.
  3257 | D:3      | Found a shattered altar of Ashenzari.
  3377 | D:4      | Noticed a slave
  3380 | D:4      | Noticed a slave
  3381 | D:4      | Noticed a slave
  3382 | D:4      | Noticed Pikel
  3383 | D:4      | Noticed a slave
  3392 | D:3      | Reached skill level 7 in Axes
  3863 | D:3      | Mangled by an ogre

Levels and vault maps discovered:
D:1:      roderic_crop_circles_arrival_small, layout_loops_ring
D:2:      layout_basic, chequers_ecumenical_altar_island, uniq_terence,
          uniq_natasha, uniq_robin
D:3:      layout_basic, lemuel_doored_altar, gammafunk_temple_overflow_statue,
          minmay_fractal_squares_5
D:4:      layout_rooms, overflow_temple_1_default, bloody_trog,
          lemuel_temple_firewalk_b, kennysheep_nub, minmay_misc_feat_alley,
          grunt_ministairs_14, kennysheep_generic_room_16, uniq_pikel

Skill      XL: |  1  2  3  4  5  6 |
---------------+-------------------+-----
Axes           | 3 4 5 6 7 |  7.4
Fighting       | |  3.6
Armour         | |  3.6
Shields        | |  3.2

Action                   |  1- 3 |  4- 6 || total
-------------------------+-------+-------++-------
Melee: War axe           |    98 |   193 ||   291
 Abil: Hop               |       |     1 ||     1
  Use: Potion            |       |     6 ||     6
  Eat: Chunk             |       |     9 ||     9
       Ration            |       |     1 ||     1
Armor: Scale mail        |    38 |    36 ||    74
       Chain mail        |       |    27 ||    27
Dodge: Dodged            |    32 |    55 ||    87
Block: Shield            |    52 |    73 ||   125

Table legend:
 A = Non-vault XP
 B = Vault XP
 C = Vault XP percentage of total XP
 D = Non-vault monster count
 E = Vault monster count
 F = Vault count percentage of total count
                 A         B        C        D         E       F
            +---------+---------+-------+---------+---------+-------
      Total |     332 |     157 |  32.1 |      68 |      18 |  20.9
            +---------+---------+-------+---------+---------+-------
        D:1 |      34 |       0 |   0.0 |      23 |       0 |   0.0
        D:2 |      37 |     102 |  73.4 |      14 |      13 |  48.1
        D:3 |     261 |      55 |  17.4 |      31 |       5 |  13.9
            +---------+---------+-------+---------+---------+-------
